[Event "WA State Championship (Invitational sec"]
[Site "Orlov Chess Academy, Redmond,"]
[Date "2022.02.12"]
[Round "1"]
[White "Gupta, Anand"]
[Black "Razmov, Valentin"]
[Result "0-1"]
[ECO "D37"]
[WhiteElo "1842"]
[BlackElo "1821"]
[Annotator "Valentin Razmov"]
[PlyCount "84"]
[EventDate "2022.??.??"]
[TimeControl "9000+10"]

{[%evp 0,84,18,27,24,0,4,4,-2,2,44,6,50,50,75,29,57,-35,-15,-56,-8,-24,-60,
-103,-87,-111,-129,-163,-175,-340,-360,-340,-340,-397,-281,-335,-316,-313,-398,
-456,-434,-489,-489,-532,-366,-376,-376,-389,-404,-634,-502,-469,-469,-655,
-659,-663,-411,-405,-416,-451,-557,-557,-571,-552,-558,-580,-607,-607,-629,
-673,-678,-932,-631,-649,-604,-665,-682,-760,-702,-1677,-29990,-29985,-29300,
-29983,-29984,-29985,-29986] This game was played in round 1, so neither
opponent knew what to expect -- except that we were of similar ratings. It was
promising to be an interesting battle between potential contenders for the top
spots in the section.} 1. d4 Nf6 2. c4 e6 3. Nf3 d5 4. Nc3 c6 5. Bf4 $6 {
A move likely intended to surprise Black or at least escape lines where Black
may have relevant experience. Objectively, that move allows Black to take a
pawn and likely keep it, at the cost of some complications.} Be7 $6 {White's
intended plan worked. After 10 moves of thought on the choices, Black decides
to avoid a possible opening preparation that may be harder to decipher over
the board. The principled alternative is illustrated by lines such as:} (5...
dxc4 $15 6. a4 (6. e4 b5 7. Qc2) 6... Bb4 7. Qc2 (7. g3) 7... Nbd7 (7... b5) 8.
e4 b5 9. Be2) 6. e3 O-O 7. c5 {Perhaps this strategic choice of a closed pawn
structure was White's idea all along. At least I had relevant experience and
knowledge to guide me.} (7. Bd3) (7. Qc2) 7... Nh5 {After 7 more minutes I
decided to directly challenge White's bishop first. The typical approach in
such closed positions instead is for Black to play ...b6 followed by ...a5,
aiming to open lines on the queen-side, where White attempts to create a
cramping effect with their c4-c5 thrust.} 8. Ne5 $2 $17 {Thought played
quickly, this otherwise typical knight move shows that White didn't appreciate
the significance of Black's latest challenge.} (8. Bd3 {would have been the
\"normal\" continuation, leading to a balanced position after} Nxf4 9. exf4 b6
10. b4 a5 11. a3 Ba6) 8... Nxf4 9. exf4 f6 $1 {This is the point: the absence
of a knight on f6 allows Black to directly push away White's knight from its
favorite e5-square, this negating its previous jump. The relative weakening of
the e6-square is not as significant here, because White is behind on
development and their center is overextended, so a challenge to that center is
coming up shortly, which will radically change the pawn structure.} 10. Nf3 Nd7
$1 {Suddenly White's position is rather unpleasant. A central pawn break ...
e6-e5 is imminent, while White's king is still unsafe.} 11. Qe2 $2 {Spending
17 minutes, White doesn't find a workable solution. The queen on e2 only adds
to the problems, as it slows down the bishop's development and allows Black to
rely on tactics due to the potential skewer of the king and queen.} (11. Bd3 e5
12. fxe5 fxe5 13. dxe5 {was relatively better, leaving Black up a pawn after}
Qc7 {but giving White a chance to at least consolidate their king-side.}) 11...
e5 $1 {White's center is falling apart. What should White do with highest
priority $2} 12. fxe5 $6 {Facilitating the opening of more lines for Black's
pieces is generally not the right approach, and specifically here it does not
help either. White needs to complete development quickly and add stability to
their position and safety to their king.} (12. Rd1) (12. O-O-O) 12... fxe5 13.
Nxe5 $2 $19 {Perhaps White was still hoping to contain the damage positionally
and/or materially, but again the chosen path exacerbates the situation.} (13.
dxe5 Nxc5 $17) 13... Nxe5 14. Qxe5 ({If} 14. dxe5 Bxc5 15. f3 Qg5 {then the
White king cannot castle in either direction.}) 14... Bf6 15. Qh5 Bxd4 16.
O-O-O {By this point we had collectively spent over 2 hours playing, a
curiosity for most players around us who had already finished their games in a
brisk tempo.} Qf6 $6 {This \"automatic\" move -- developing a piece while
adding pressure -- was hard to resist. It gives White a brief moment of
respite to develop their bishop: Bd3.} ({The engine suggests instead lines like
} 16... g6 $1 17. Qe2 (17. Qh6 $5 Be5 18. g3 Bxc3 19. bxc3 Qa5 20. Qd2 Bg4 21.
Re1 Rxf2 $1 22. Be2 Qa3+ 23. Kd1 d4 24. Qxd4 Qb2 $1 $19) 17... Rxf2) 17. Rd3 $6
{Perhaps the pressure felt too great and White misses that chance...} ({
... or maybe after} 17. Bd3 g6 18. Qe2 Qxf2 {White saw no point in playing
down two pawns with no compensation, so was seeking complications in hopes of
reversing damages.}) 17... Qf4+ {forcing the rook to retreat due to the threat
of the light-squared bishop coming in with skewers on f5 or g4.} 18. Rd2 Bg4
19. Qh4 Bxf2 20. g3 Qf3 {Black strives to keep up the pressure and not allow
White to bring their pieces into the game. By now each of the players had
about 30 minutes left to complete the 40-move time control...} 21. Bd3 ({
The alternative} 21. Rxf2 Qxh1 22. Rxf8+ Rxf8 23. Qxg4 Qxf1+ $19 {seems like a
clean win.}) 21... Qxh1+ (21... h5 $1 {was even stronger, and I calculated
this alternative, but missed that after} 22. Rf1 {Black wins on the spot due to
} Qe3 $1 {-- threatening to trap the white queen with ...g7-g5 or win the
pinned rook after} 23. Bc2 Be1 $19) 22. Rd1 {realistically an only move, and
an unpleasant surprise for Black, as I had overlooked this possibility from a
distance, way back on move 17. Luckily Black has a good and simple move in
store:} Qf3 ({The engine offers fascinating alternative winning lines starting
with} 22... Be3+ {During that phase of the game, I was trying to actively
simplify the position, being wary of the chance to overlook another tactical
detail, especially with the f-file open against my king too.} 23. Kb1 h5 $1 (
23... Qf3 24. Qxh7+ Kf7 25. Rf1 Bf2 26. Nd1 Rh8 27. Qg6+ Kg8 $1 28. Nxf2 Bh5 $1
29. Qe6+ Bf7 $19) 24. Rxh1 g5 $1 25. Qxg4 hxg4 $19) 23. Qxh7+ Kf7 24. Rf1 {
With the last few minutes ticking down on the clock, White decides to try to
complicate things.} ({I thought I had convinced myself that Black escapes
attempts for a perpetual check or a mating attack after the more conventional} 
24. Qg6+ Ke7 25. Nxd5+ (25. Qxg7+ Rf7 26. Qe5+ Kd7 27. Qd6+ Kc8 $19) 25... cxd5
26. Qd6+ Ke8 27. Bg6+ Rf7 {However, continuing from this line of my
calculation, the engine doesn't give up just yet and insists on posing
additional serious tactical challenges --} 28. Rxd5 $5 Be3+ (28... Qe3+ 29. Kc2
Qe2+ 30. Kb1 {following as in the mainline}) 29. Kc2 {and at this juncture of
these variations Black must earn the win by finding the spectacular piece
sacrifice to deflect the white rook from the threat of Re5+:} Bd4 $1 30. Rxd4
Bf5+ 31. Bxf5 Qxf5+ 32. Kc3 Rf6 $19) 24... Qf6 {adding the reassuring presence
of a queen to help the fearful Black king.} ({Simpler was} 24... Rh8 25. Qg6+
Kg8 $19) 25. h3 Rh8 26. Qg6+ (26. Rxf2 Qxf2 27. Qg6+ Kg8 28. Qxg4 Re8 $19 {
was another possibility.}) 26... Qxg6 27. Rxf2+ Ke6 $2 {I knew that I had
miscalculated something somewhere, but the nervous tension had mounted by that
point -- White had a mere 1 minute left on the clock, while Black had 14.
Although I did consider the obvious 27...Qf6, it appeared to me -- incorrectly
-- that at the end of that line White was equalizing the material; I was
mis-visualizing White's rook as still being present on the board, even though
I was recapturing it for Black's queen on f6.} (27... Qf6 28. Rxf6+ Kxf6 29.
hxg4 Rh2 $19) 28. Bxg6 Rxh3 {Luckily for Black, the resulting position retains
ample margin for a comfortable win.} 29. Rf7 $2 {This loses additional
material, though with the queens gone and the potential White attack vanished
it's hard to recommend something promising for White.} Rh6 $1 30. Rxg7 Kf6 {
The game could have reasonably ended here with a resignation given Black's
enormous material advantage and no real risks (including 9 minutes left to
make the next 10 moves).} 31. Rxb7 Kxg6 32. Rc7 Kf5 33. Rf7+ Ke5 34. Re7+ Kd4
35. Rg7 Bf3 36. Rf7 Be4 37. g4 Rg8 38. Rxa7 Rxg4 39. Ra5 Rg2 40. Ra4+ Kd3 41.
Nd1 Rc2+ 42. Kb1 Rh1 {and Black resigned. Following this difficult and
disappointing game, Anand Gupta recovered very well: he played a strong
tournament and finished in shared 2nd place, remaining in contention for 1st
place until the very last round. My heartfelt congratulations to him on this $1
} 0-1

[Event "WA State Championship (Invitational)"]
[Site "Orlov Chess Academy at Redmon"]
[Date "2022.02.13"]
[Round "4"]
[White "Seshadri, Sridhar"]
[Black "Wang, Ted"]
[Result "0-1"]
[ECO "A00"]
[WhiteElo "1792"]
[BlackElo "1800"]
[Annotator "Ted Wang"]
[PlyCount "128"]
[EventDate "2022.??.??"]
[TimeControl "40/120:0"]

1. b4 {This is a surprising
start} e5 2. Bb2 d6 3. a3 Nf6 4. g3 g6 5. Bg2 Bg7 {I started with my familiar
King’s Indian Defence} 6. Nf3 O-O 7. O-O Nbd7 8. c4 Ne8 9. e4 f5 10. exf5
gxf5 11. d3 c6 12. Re1 Qc7 13. Qb3 {By this point, white already established
an advantage with more space and ways to attack. Black did not have any play}
Kh8 14. Bc3 {This is a strange move without a clear intention} c5 15. Qb2 Qd8
16. Nbd2 Nc7 17. Nf1 Ne6 18. Qc1 Nd4 19. Nxd4 exd4 {This was a mistake because
the e file was opened} 20. Bd2 Nf6 {This was a blunder. Ne5 to block the e
file was the best move} 21. Bh6 Qd7 22. Bxg7+ Qxg7 23. Qf4 Rd8 24. Nd2 Qg4 25.
Qxg4 Nxg4 26. bxc5 dxc5 27. h3 Nf6 28. Re5 Rg8 29. Rxc5 {By this point, black
completely lost with material down and pawn structure damaged} Be6 30. Nf3 Rad8
31. Re1 Bc8 32. Rc7 f4 33. Kh2 fxg3+ 34. fxg3 Rg7 35. Ree7 Rxe7 36. Rxe7 Kg8
37. Ng5 h6 38. Ne4 Nxe4 39. Bxe4 Kf8 40. Rh7 Kg8 41. Rxh6 {Black down by two
pawns now. The situation was hopeless.} Kg7 42. Rh7+ Kf6 43. Bxb7 {This
appeared to a natural move to gain more material, but actually gave black
counterplay. Black had a small hope alive now.} Bf5 44. Rh4 Bxd3 {Black now
had a pass pawn, a small hope to come back.} 45. Bd5 Ke5 46. Rh5+ Kf6 47. Rh6+
Kf5 48. Rh5+ Kf6 49. Rh6+ Kf5 50. Kg1 Re8 51. g4+ Kg5 52. Re6 Rb8 53. Kf2 Kf4
54. Rf6+ Ke5 55. Rf7 Bg6 56. Rb7 Rf8+ 57. Ke1 d3 58. Rg7 Rf6 59. g5 Rb6 60.
Re7+ Kd4 61. Rb7 {This was a blunder because now black’s d pawn can promote!}
Rxb7 62. Bxb7 Ke3 63. Bc8 d2+ 64. Kd1 Be8 0-1